 Dungeon Crawl Stone Soup version 0.29-a0-283-ga02f740833 (webtiles) character file.

Game seed: 17127619995683551935

72 sokol815 the Sneak (level 4, 0/27 HPs)
             Began as an Octopode Venom Mage on Mar 13, 2022.
             Slain by a gnoll
             ... wielding a +0 club
              (8 damage)
             ... on level 3 of the Dungeon.
             The game lasted 00:06:43 (2374 turns).

sokol815 the Sneak (Octopode Venom Mage)            Turns: 2374, Time: 00:06:44

Health: 0/27       AC:  1    Str:  7    XL:     4   Next: 25%
Magic:  4/7        EV: 13    Int: 19    God:
Gold:   156        SH:  0    Dex: 12    Spells: 3/7 levels left

rFire   . . .      SeeInvis .   a - +0 dagger
rCold   . . .      Faith    .   (no shield)
rNeg    . . .      Spirit   .   (helmet restricted)
rPois   .          Reflect  .   (no amulet)
rElec   .          Harm     .   (no ring)
rCorr   .          Rampage  .   (no ring)
Will    .....                   (no ring)
Stlth   ++++......              (no ring)
HPRegen 0.09/turn               (no ring)
MPRegen 0.10/turn               (no ring)
                                (no ring)
                                (no ring)

@: no status effects
A: almost no armour, amphibious, 8 rings, camouflage 1, gelatinous body 1,
(nimble swimmer 1), tentacles
a: no special abilities


You were on level 3 of the Dungeon.
You visited 1 branch of the dungeon, and saw 3 of its levels.

You collected 156 gold pieces.

Inventory:

Hand Weapons
 a - a +0 dagger (weapon)
   (You found it on level 1 of the Dungeon)
 d - a +0 whip
   (You took it off a kobold on level 1 of the Dungeon)
Missiles
 c - 3 javelins
 e - 6 poisoned darts
 s - 36 stones
Scrolls
 b - a scroll of enchant armour
 K - a scroll of immolation {!r}
 Y - a scroll of teleportation {@r3}
Potions
 g - a potion of curing {unknown}
 M - a potion of magic


   Skills:
 - Level 2.0 Dodging
 * Level 4.6 Stealth
 - Level 2.2 Spellcasting
 + Level 0.9 Conjurations
 - Level 1.5 Transmutations
 + Level 0.8 Air Magic
 - Level 4.0 Poison Magic


You had 3 spell levels left.
You knew the following spells:

 Your Spells              Type           Power      Damage    Failure   Level
a - Sting                 Tmut/Pois      48%        1d5       5%          1
x - Mephitic Cloud        Conj/Pois/Air  9%         N/A       22%         3

Your spell library contained the following spells:

 Spells                   Type           Power      Damage    Failure   Level
 Poisonous Vapours        Pois/Air       22%        N/A       10%         2
 Shock                    Conj/Air       20%        1d4       12%         1
 Passwall                 Tmut/Erth      4%         N/A       19%         2
 Ensorcelled Hibernation  Hex/Ice        4%         N/A       26%         2
 Swiftness                Air            5%         N/A       34%         3
 Olgreb's Toxic Radiance  Pois           17%        N/A       32%         4
 Airstrike                Air            2%         N/A       75%         4


Dungeon Overview and Level Annotations

Branches:
Dungeon (3/15)

Altars:

Shops:
D:1 (

Annotations:
D:2 Terence


Innate Abilities, Weirdness & Mutations

You cannot wear most types of armour.
You are amphibious.
You can wear up to eight rings at the same time.
Your skin changes colour to match your surroundings (Stealth+).
Your rubbery body absorbs attacks. (AC +1, EV +1)
((You are camouflaged when in or above water. (Stealth+)))
You have tentacles for arms and can constrict up to eight enemies at once.


Message History

A jackal is nearby!
You regained 6 hp, and now have 16/21 hp.
MP restored: 6 You see here a +0 short sword.
You start resting.
Health restored: 21 You now have 156 gold pieces (gained 7).
The jackal barks!
The sting hits the jackal.
The jackal is poisoned.
You kill the jackal!
You have reached level 4!
Health restored: 27 You now have 5/7 mp.
The sting hits the jackal.
The jackal is poisoned.
The jackal barks!
You now have 4/7 mp.
You see here an adder corpse.
The jackal attacks as you move away! The jackal closely misses you.
The jackal barely misses you.
You see here a +0 short sword.
You hit the jackal.
You kill the jackal!
You miscast Sting.
You are very lightly contaminated with residual magic.
Nothing appears to happen.
You now have 3/7 mp.
The jackal attacks as you move away! The jackal bites you.
You take 1 damage, and have 26/27 hp.
The jackal barely misses you.
Health restored: 27 You hit the jackal.
You grab the jackal.
You constrict the jackal, but do no damage.
The jackal closely misses you.
You hit the jackal.
Your tentacle-slap misses the jackal.
You constrict the jackal, but do no damage.
The jackal bites you.
You take 2 damage, and have 25/27 hp.
You barely miss the jackal. You constrict the jackal.
The jackal barely misses you. The jackal closely misses you.
You hit the jackal but do no damage. You constrict the jackal.
You kill the jackal!
Your magical contamination has completely faded away.
You hit the jackal but do no damage. Your grab misses the jackal.
The jackal barely misses you.
The jackal bites you but does no damage.
You closely miss the jackal. Your grab misses the jackal.
You squeeze the jackal. The jackal misses you.
You hit the jackal.
You kill the jackal!
No target in view!
No target in view!
You start resting.
Health restored: 27; MP restored: 7 Unknown command.
Things that are here:
a jackal corpse; a jackal corpse A gnoll comes into view.
It is wielding a +0 club.
The gnoll moves out of view.
A frilled lizard comes into view.
The frilled lizard hisses angrily.
A gnoll comes into view. It is wielding a +0 spear.
The sting hits the frilled lizard.
The frilled lizard is poisoned.
You kill the frilled lizard!
The gnoll shouts!
You hear an angry hiss.
You now have 6/7 mp.
A gnoll comes into view. It is wielding a +0 flail.
The gnoll moves out of view.
The sting hits the gnoll.
The gnoll is poisoned.
You now have 5/7 mp.
The sting misses the gnoll.
A frilled lizard comes into view.
The gnoll hits you from afar with a +0 spear.
You take 2 damage, and have 25/27 hp.
You now have 4/7 mp.
The sting hits the gnoll but does no damage.
The gnoll looks even sicker.
The gnoll hits you from afar with a +0 spear!
You take 8 damage, and have 17/27 hp.
MASSIVE DAMAGE!!
You now have 3/7 mp.
The gnoll closely misses you.
You closely miss the gnoll. You grab the gnoll.
You constrict the gnoll, but do no damage.
The gnoll hits you with a +0 spear!
You take 8 damage, and have 9/27 hp.
MASSIVE DAMAGE!!
You hit the gnoll but do no damage.
You tentacle-slap the gnoll, but do no damage.
You squeeze the gnoll.
You kill the gnoll!
You hit the gnoll but do no damage. You grab the gnoll. You squeeze the gnoll!
You constrict the gnoll, but do no damage.
The gnoll hits you with a +0 club.
* * * LOW HITPOINT WARNING * * *
You take 2 damage, and have 8/27 hp.
You hit the gnoll but do no damage.
You constrict the gnoll, but do no damage.
The gnoll barely misses you.
You hit the gnoll but do no damage. You squeeze the gnoll.
You constrict the gnoll. The gnoll hits you with a +0 club!
You die...

..............##.###
..............##.# .#
..............##.# ####.#
..............##.# #......
.............##..##.......
......#.....##..##........
..############.###........
#. #######.###........
.........@gl.......
#######.###.†...... #..#
##....... #..## #......
#..# #...#. #..# .....
...# #.#. ..# ..


You could see a gnoll and a frilled lizard.

Vanquished Creatures
  An adder (D:3)
  A gnoll (D:3)
  4 bats
  7 endoplasms
  3 giant cockroaches
  3 hobgoblins (D:1)
  6 jackals
  A quokka (D:2)
  7 ball pythons
  5 frilled lizards
  3 goblins
  3 kobolds (D:1)
  4 rats
48 creatures vanquished.

Vanquished Creatures (others)
  12 fungi (D:3)
  3 toadstools (D:3)
15 creatures vanquished.

Grand Total: 63 creatures vanquished

Notes
Turn   | Place    | Note
-------+----------+-------------------------------------------
     0 | D:1      | sokol815 the Octopode Venom Mage began the quest for the
                  | Orb.
     0 | D:1      | Reached XP level 1. HP: 11/11 MP: 3/3
    57 | D:1      | Reached skill level 3 in Stealth
   204 | D:1      | Reached XP level 2. HP: 15/17 MP: 1/5
   262 | D:1      | Found Beorrul's Antique Weapon Shoppe.
   684 | D:1      | Found a faded altar of an unknown god.
   788 | D:1      | Reached XP level 3. HP: 19/21 MP: 2/6
   932 | D:1      | Reached skill level 4 in Poison Magic
  1232 | D:2      | Learned a level 3 spell: Mephitic Cloud
  1471 | D:2      | Reached skill level 4 in Stealth
  1721 | D:2      | Noticed Terence
  2308 | D:3      | Reached XP level 4. HP: 27/27 MP: 5/7
  2374 | D:3      | Slain by a gnoll

Illustrated notes

Levels and vault maps discovered:
D:1:      minmay_arrival_radiant_lines, layout_basic, serial_shops,
          nicolae_shop_crystal, ebering_ecumenical_altar_ruins,
          minmay_tetromino_t4
D:2:      layout_loops_ring, palyth_stone_intersect, uniq_terence
D:3:      layout_rooms, grunt_temple_overflow_diamond,
          gammafunk_temple_overflow_arena, hellmonk_ghost_happy_afterlife,
          minmay_gold_behind_fungi, grunt_ministairs_4, hex_tiny

Skill      XL: |  1  2  3 |
---------------+----------+-----
Stealth        | 3 4 |  4.6
Poison Magic   | 4 |  4.0
Dodging        | |  2.0
Spellcasting   | |  2.2
Conjurations   | |  0.9
Transmutations | |  1.5
Air Magic      | |  0.8

Action                   |  1- 3 |  4- 6 || total
-------------------------+-------+-------++-------
Melee: Whip              |     9 |       ||     9
       Tentacles         |    13 |     4 ||    17
       Constrict         |    12 |     3 ||    15
       Unarmed           |     1 |       ||     1
       Dagger            |    36 |    13 ||    49
       Punch             |       |     1 ||     1
 Cast: Sting             |    43 |     5 ||    48
  Use: Scroll            |     4 |       ||     4
 Stab: Sleeping          |     1 |       ||     1
Armor: Skin              |     9 |     1 ||    10
Dodge: Dodged            |    30 |    10 ||    40

Table legend: (Time is in decaauts)
 A = Elapsed time spent in this place.
 B = Non-inter-level travel time spent in this place.
 C = Inter-level travel time spent in this place.
 D = Time resting spent in this place.
 E = Time spent auto-exploring this place.
 F = Levels seen in this place.
 G = Mean time per level.
                   A        B        C        D        E       F      G
               +--------+--------+--------+--------+--------+-----+--------+
         Total |   2374 |   2252 |    122 |    488 |   1448 |   3 |  791.3 |
       Dungeon |   2374 |   2252 |    122 |    488 |   1448 |   3 |  791.3 |
               +--------+--------+--------+--------+--------+-----+--------+

Top non-repeatable levels by time:
     D:1: 1219 daAuts
     D:2: 900 daAuts
     D:3: 254 daAuts

Table legend:
 A = Kills in this place as a percentage of kills in entire the game.
 B = Kills by you in this place as a percentage of kills by you in the entire game.
 C = Kills by friends in this place as a percentage of kills by friends in the entire game.
 D = Other kills in this place as a percentage of other kills in the entire game.
 E = Experience gained in this place as a percentage of experience gained in the entire game.
 F = Experience gained in this place divided by the number of levels of this place that you have seen.
                   A       B       C       D       E      F
               +-------+-------+-------+-------+-------+----------------------
         Total | 100.0 | 100.0 |   N/A |   N/A | 100.0 |  34.3
       Dungeon | 100.0 | 100.0 |   N/A |   N/A | 100.0 |  34.3
               +-------+-------+-------+-------+-------+----------------------
